 Dungeon Crawl Stone Soup version 0.29-a0-857-g9b1aa3ac5b (webtiles) character file.

Game seed: 4218701604613156124

1630 porpoise the Martial Artist (level 8, 0/64 HPs)
             Began as a Merfolk Transmuter on July 17, 2022.
             Was an Initiate of Elyvilon.
             Succumbed to a gnoll sergeant's poison
             ... on level 6 of the Dungeon.
             The game lasted 00:20:01 (5537 turns).

porpoise the Martial Artist (Merfolk Transmuter)    Turns: 5537, Time: 00:20:02

Health: 0/64       AC:  6    Str: 12    XL:     8   Next: 97%
Magic:  10/11      EV: 11    Int: 12    God:    Elyvilon [......]
Gold:   263        SH: 10    Dex: 21    Spells: 8/11 levels left

rFire   . . .      SeeInvis .     - Unarmed
rCold   . . .      Faith    .   c - +1 buckler {reflect}
rNeg    . . .      Spirit   .   l - +0 ring mail
rPois   .          Reflect  +   j - +0 helmet
rElec   .          Harm     .   (no cloak)
rCorr   .          Rampage  .   (no gloves)
Will    .....                   (no boots)
Stlth   +.........              p - amulet of reflection
HPRegen 0.20/turn               r - +4 ring of slaying
MPRegen 0.12/turn               u - +6 ring of dexterity

@: lethally poisoned (0 -> -3), wereblooded
A: (nimble swimmer 2), mertail
a: Renounce Religion


You were on level 6 of the Dungeon.
You worshipped Elyvilon.
Elyvilon was noncommittal.
You visited 2 branches of the dungeon, and saw 7 of its levels.

You collected 263 gold pieces.

Inventory:

Hand Weapons
 b - a +1 sling
Missiles
 t - 5 poisoned darts
 B - 6 boomerangs
 C - a throwing net
Armour
 c - a +1 buckler of reflection (worn)
 j - a +0 helmet (worn)
 l - a +0 ring mail (worn)
Jewellery
 p - an amulet of reflection (around neck)
 r - a +4 ring of slaying (left hand)
 u - a +6 ring of dexterity (right hand)
 w - an amulet of the acrobat
 y - the ring of Alucujil {rPois rCorr EV+4 Stlth+}
   (You found it on level 5 of the Dungeon)

   [ring of evasion]

   EV:        It affects your evasion (+4).
   rPois:     It protects you from poison.
   rCorr:     It protects you from acid and corrosion.
   Stlth:     It makes you more stealthy.
Wands
 d - a wand of mindburst (14)
 q - a wand of paralysis (24)
Scrolls
 h - 5 scrolls of teleportation
 i - a scroll of noise
 k - a scroll of magic mapping
 s - a scroll of fog {unknown}
 A - a scroll of immolation {unknown}
Potions
 a - 2 potions of magic
 e - 2 potions of heal wounds
 f - a potion of flight
 g - a potion of lignification
 m - a potion of curing {unknown}
 n - a potion of brilliance {unknown}
 o - 3 potions of attraction {unknown}
 v - a potion of might {unknown}
 x - a potion of invisibility
 z - 2 potions of resistance {unknown}


   Skills:
 + Level 6.1 Fighting
 - Level 2.6 Dodging
 * Level 9.4 Unarmed Combat
 - Level 2.0 Spellcasting
 - Level 5.5 Transmutations
 + Level 3.4 Invocations


You had 8 spell levels left.
You knew the following spells:

 Your Spells              Type           Power      Damage    Failure   Level
a - Beastly Appendage     Tmut           28%        N/A       9%          1
w - Wereblood             Tmut           14%        N/A       13%         2

Your spell library contained the following spells:

 Spells                   Type           Power      Damage    Failure   Level
 Spider Form              Tmut/Pois      7%         N/A       63%         3
 Foxfire                  Conj/Fire      4%         2x1d4     65%         1
 Conjure Flame            Conj/Fire      1%         6-21      95%         3
 Dazzling Flash           Conj/Hex       2%         N/A       95%         3
 Inner Flame              Hex/Fire       1%         N/A       95%         3
 Ice Form                 Ice/Tmut       7%         N/A       95%         4
 Flame Wave               Conj/Fire      1%         2d4       100%        4
 Iskenderun's Mystic Bla  Conj/Tloc      1%         2d3       100%        4
 Summon Ice Beast         Ice/Summ       1%         N/A       100%        4
 Agony                    Necr           1%         N/A       100%        5
 Silence                  Hex/Air        0%         N/A       100%        5
 Summon Mana Viper        Hex/Summ       1%         N/A       100%        5
 Starburst                Conj/Fire      0%         6d3       100%        6
 Monstrous Menagerie      Summ           0%         N/A       100%        7


Dungeon Overview and Level Annotations

Branches:
Dungeon (6/15)             Temple (1/1) D:5

Altars:
Ashenzari
Cheibriados
Dithmenos
Elyvilon
Fedhas
Gozag
Hepliaklqana
Kikubaaqudgha
Makhleb
Nemelex Xobeh
Okawaru
Qazlal
Ru
Sif Muna
Trog
Uskayaw
Vehumet
Wu Jian
Yredelemnul
Zin
The Shining One

Shops:
D:5 ?

Annotations:
D:2 /dig
D:3 exclusion: upstairs


Innate Abilities, Weirdness & Mutations

((You are very nimble when in or above water. (Stealth+, EV+, Speed+++)))
Your lower body shifts to a powerful aquatic tail in water.


Message History

Your transformation is almost over.
Something hits you!
The gnoll sergeant hits you but does no damage.
You are poisoned.
You miss something.
You feel sick. You block something's attack.
You miss something. You headbutt something!
You feel a bit better.
Reactivating autopickup.
You feel a bit more experienced.
You feel sick.
The gnoll sergeant hits you from afar with a +2 trident of venom!
You are more poisoned.
You feel very sick.
You hear a shout!
The gnoll sergeant misses you.
A gnoll comes into view. It is wielding a +0 trident.
You hit the gnoll sergeant.
The gnoll sergeant is lightly wounded.
You feel very sick.
The gnoll sergeant hits you with a +2 trident of venom!
* * * LOW HITPOINT WARNING * * *
You punch the gnoll sergeant!
The gnoll sergeant is severely wounded.
You feel sick. You block the gnoll sergeant's attack.
You punch the gnoll sergeant!
Your headbutt misses the gnoll sergeant.
The gnoll sergeant is almost dead.
You feel sick. The gnoll sergeant closely misses you.
You punch the gnoll sergeant!
You feel a bit better.
You kill the gnoll sergeant!
You feel sick.
You feel sick.
Things that are here:
a +2 trident of venom; a +0 ring mail Your horns disappear.
Your +0 helmet unmelds from your body.
You feel sick. The gnoll hits you with a +0 trident!
* * * LOW HITPOINT WARNING * * *
You punch the gnoll!
The gnoll is severely wounded.
You howl as the wereblood boils in your veins!
You die...

.....#.##...
.......#....
............ #####
..#......... ##....#
.#.......# ##.......
.#......########........
.##.>.8.#......#.......
........#≈≈≈≈≈≈....#
....†()......).)@g.#
#..[..........)....#
##......#≈≈≈≈≈≈....#
#....8.#.(....#......
#......########.......
##......# ##.......
###...... ##....#
####.... ##### #...


You could see a gnoll.

Vanquished Creatures
  A water moccasin (D:5)
  A black bear (D:4)
  An ice beast (D:6)
  A centaur (D:5)
  An ogre (D:4)
  3 phantoms
  Blork the orc (D:6)
  A gnoll sergeant (D:6)
  2 scorpions (D:5)
  A howler monkey (D:5)
  4 electric eels (D:6)
  3 hounds
  An orc priest (D:4)
  A gnoll bouda (D:6)
  A jelly (D:4)
  3 iguanas
  The ghost of xian the Shield-Bearer, a weakling PaWn (D:4)
  6 gnolls (D:6)
  10 adders
  2 shadow imps
  A white imp (D:4)
  An adder skeleton (D:2)
  2 adder zombies (D:2)
  3 worms
  5 dart slugs
  8 orcs
  8 ball pythons
  2 bats
  3 endoplasms
  4 giant cockroaches (D:2)
  3 goblins
  7 hobgoblins
  A jackal (D:6)
  3 kobolds
  3 quokkas
  A ball python skeleton (D:2)
  2 ball python zombies (D:2)
  A frilled lizard (D:3)
  A giant cockroach zombie (D:2)
  A quokka skeleton (D:2)
  A rat (D:3)
106 creatures vanquished.

Vanquished Creatures (others)
  A plant (D:6)
  5 withered plants (D:2)
6 creatures vanquished.

Grand Total: 112 creatures vanquished

Notes
Turn   | Place    | Note
-------+----------+-------------------------------------------
     0 | D:1      | porpoise the Merfolk Transmuter began the quest for the
                  | Orb.
     0 | D:1      | Reached XP level 1. HP: 15/15 MP: 3/3
   271 | D:1      | Found a faded altar of an unknown god.
   417 | D:1      | Reached XP level 2. HP: 21/21 MP: 5/5
   694 | D:2      | Reached skill level 4 in Unarmed Combat
   744 | D:2      | Reached XP level 3. HP: 16/27 MP: 6/6
  1195 | D:2      | Reached XP level 4. HP: 34/34 MP: 7/7
  1212 | D:2      | Found a snail-covered altar of Cheibriados.
  1674 | D:3      | Learned a level 2 spell: Wereblood
  1957 | D:3      | Reached skill level 5 in Unarmed Combat
  2659 | D:4      | Reached XP level 5. HP: 40/40 MP: 5/8
  2689 | D:4      | Noticed xian's ghost (weakling PaWn)
  2691 | D:4      | Noticed an ogre
  2699 | D:4      | Killed an ogre
  2707 | D:4      | Found a runed translucent door.
  2750 | D:4      | Noticed a phantom
  2761 | D:4      | Killed a phantom
  2762 | D:4      | Reached skill level 6 in Unarmed Combat
  2762 | D:4      | Reached XP level 6. HP: 42/47 MP: 7/9
  2885 | D:4      | Noticed a black bear
  2892 | D:4      | Killed a black bear
  2912 | D:4      | Found a faded altar of an unknown god.
  2912 | D:4      | Found an iron altar of Okawaru.
  2919 | D:4      | Found a radiant altar of Vehumet.
  2921 | D:4      | Found a sacrificial altar of Ru.
  2923 | D:4      | Found a shimmering blue altar of Sif Muna.
  2982 | D:4      | Reached XP level 7. HP: 44/54 MP: 6/10
  3153 | D:4      | Found an ornate altar of the Wu Jian Council.
  3158 | D:4      | Found a hazy altar of Hepliaklqana.
  3162 | D:4      | Found a broken altar of Ashenzari.
  3480 | D:4      | Killed xian's ghost
  3520 | D:5      | Entered Level 5 of the Dungeon
  3572 | D:5      | Found Eprezxonk's Magic Scroll Shop.
  3730 | D:5      | Reached skill level 7 in Unarmed Combat
  3730 | D:5      | Reached skill level 5 in Transmutations
  3759 | D:5      | Found a staircase to the Ecumenical Temple.
  3779 | Temple   | Entered the Ecumenical Temple
  3937 | Temple   | Became a worshipper of Elyvilon the Healer
  4044 | D:5      | Reached skill level 5 in Fighting
  4044 | D:5      | Reached XP level 8. HP: 51/62 MP: 11/11
  4063 | D:5      | Reached skill level 8 in Unarmed Combat
  4063 | D:5      | Reached skill level 1 in Invocations
  4302 | D:5      | Identified the ring of Alucujil {rPois rCorr EV+4 Stlth+}
  5414 | D:6      | Reached skill level 9 in Unarmed Combat
  5415 | D:6      | Noticed Blork the orc
  5420 | D:6      | Killed Blork the orc
  5536 | D:6      | HP: 1/64 [gnoll/+0 trident (8)]
  5537 | D:6      | Succumbed to a gnoll sergeant's poison

Illustrated notes

Levels and vault maps discovered:
D:1:      lemuel_arrival_behind_the_door_small, layout_basic,
          hellmonk_ecumenical_altar_arch_garden
D:2:      minmay_chambers_of_twos, layout_loops_ring, serial_undead,
          serial_undead_d, serial_undead_c, serial_undead_d, serial_undead_b,
          basic_altar, item_on_display_a
D:3:      layout_basic, serial_bayou_crossing
D:4:      cheibrodos_pilgrimage, layout_cave_pools,
          chequers_temple_overflow_minitemple, minitemple,
          hellmonk_ghost_happy_afterlife, kennysheep_crisscross,
          nicolae_underground_beach
D:5:      layout_rooms, temple_fountains, serial_shops, shop
D:6:      layout_cave_pools, serial_gnoll_camp, gnoll_camp_mini_hut,
          gnoll_camp_medium_01, gnoll_camp_mini_doghouse,
          gnoll_camp_mini_doghouse, gnoll_camp_medium_02,
          gnoll_camp_mini_doghouse, serial_park_tiny_1, chequers_big_river,
          dk_rats_in_the_wall, uniq_blork_the_orc
Temple:   nicolae_temple_great_sept

Skill      XL: |  1  2  3  4  5  6  7  8 |
---------------+-------------------------+-----
Unarmed Combat | 4 5 6 7 9 |  9.4
Fighting       | 2 3 4 5 6 |  6.1
Transmutations | 3 4 5 |  5.5
Invocations    | 3 |  3.4
Dodging        | |  2.6
Spellcasting   | |  2.0

Action                   |  1- 3 |  4- 6 |  7- 9 || total
-------------------------+-------+-------+-------++-------
Melee: Unarmed           |    76 |   120 |   153 ||   349
       Headbutt          |     4 |     9 |    14 ||    27
       Punch             |     2 |     2 |       ||     4
       Tailslap          |       |       |     1 ||     1
 Fire: Sling             |    23 |    10 |    30 ||    63
 Cast: Beastly Appendage |     4 |    11 |    11 ||    26
       Wereblood         |       |     1 |     3 ||     4
  Use: Scroll            |       |     6 |     3 ||     9
       Potion            |       |       |     1 ||     1
Armor: Robe              |     2 |       |       ||     2
       Ring mail         |    33 |    20 |    34 ||    87
Dodge: Dodged            |    40 |    57 |    58 ||   155
Block: Buckler           |       |    43 |    61 ||   104
       Other             |       |    11 |       ||    11
       Reflection        |       |     2 |     5 ||     7

Table legend: (Time is in decaauts)
 A = Elapsed time spent in this place.
 B = Non-inter-level travel time spent in this place.
 C = Inter-level travel time spent in this place.
 D = Time resting spent in this place.
 E = Time spent auto-exploring this place.
 F = Levels seen in this place.
 G = Mean time per level.
                   A        B        C        D        E       F      G
               +--------+--------+--------+--------+--------+-----+--------+
         Total |   5477 |   5331 |    146 |   1292 |   2945 |   7 |  782.4 |
       Dungeon |   5306 |   5171 |    135 |   1292 |   2799 |   6 |  884.3 |
        Temple |    170 |    159 |     11 |      0 |    146 |   1 |  170.0 |
               +--------+--------+--------+--------+--------+-----+--------+

Top non-repeatable levels by time:
     D:2: 1106 daAuts
     D:6: 1011 daAuts
     D:3: 939 daAuts
     D:4: 888 daAuts
     D:5: 800 daAuts
     D:1: 560 daAuts
  Temple: 170 daAuts
